 Dungeon Crawl Stone Soup version 0.27.1-33-g824d729ab1 (webtiles) character file.

Game seed: 5456717679967966780

4297 zeram the Blocker (level 10, -29/77 HPs)
             Began as a Hill Orc Fighter on Dec 13, 2021.
             Was an Initiate of Gozag.
             Annihilated by an orc knight (41 damage)
             ... in a bailey.
             The game lasted 00:14:23 (10106 turns).

zeram the Blocker (Hill Orc Fighter)               Turns: 10106, Time: 00:14:23

Health: -29/77     AC: 21    Str: 29    XL:     10   Next: 32%
Magic:  10/10      EV:  8    Int:  8    God:    Gozag
Gold:   919        SH: 20    Dex: 20    Spells: 9/9 levels left

rFire    + . .     SeeInvis +   x - +3 trident (protect)
rCold    . . .     Faith    .   c - +1 kite shield
rNeg     + . .     Spirit   .   C - +0 storm dragon scales
rPois    +         Reflect  +   (no helmet)
rElec    +         Harm     .   s - +2 cloak
rCorr    .         Rampage  .   (no gloves)
Will     .....                  p - +1 pair of boots
Stlth    ..........             y - amulet "Apohus" {Reflect rF+ Will- Dex+10 SH+5 Stlth-}
HPRegen  0.22/turn              t - ring "Kuib" {rElec rPois rN+ SInv}
MPRegen  0.12/turn              B - +6 ring of strength

@: no status effects
A: no striking features
a: Renounce Religion, Potion Petition, Call Merchant, Bribe Branch


You were in a bailey.
You worshipped Gozag.
Gozag was pleased with you.
You visited 2 branches of the dungeon, and saw 10 of its levels.
You also visited: Bailey.

You collected 1038 gold pieces.
You paid 119 gold pieces to Gozag.

Inventory:

Hand Weapons
 a - a +0 war axe
 e - a +0 trident of venom
 v - a +0 vorpal dire flail
 x - a +3 trident of protection (weapon)
Armour
 b - a +0 scale mail
 c - a +1 kite shield (worn)
 p - a +1 pair of boots (worn)
 r - a +1 plate armour
 s - a +2 cloak (worn)
 C - +0 storm dragon scales (worn)
Jewellery
 g - a ring of willpower
 h - a ring of ice
 t - the ring "Kuib" (left hand) {rElec rPois rN+ SInv}
   (You acquired it on level 7 of the Dungeon)

   [ring of see invisible]

   rElec:     It insulates you from electricity.
   rPois:     It protects you from poison.
   rN:        It protects you from negative energy.
   SInv:      It lets you see invisible.
 u - a ring of magical power
 w - an amulet of guardian spirit
 y - the amulet "Apohus" (around neck) {Reflect rF+ Will- Dex+10 SH+5 Stlth-}
   (You acquired it on level 8 of the Dungeon)

   [amulet of reflection]

   It reflects blocked missile attacks.
   Dex:       It affects your dexterity (+10).
   rF:        It protects you from fire.
   SH:        It affects your SH (+5).
   Will:      It decreases your willpower.
   Stlth:     It makes you less stealthy.
 A - an amulet of faith
 B - a +6 ring of strength (right hand)
 D - a +6 ring of dexterity
Wands
 F - a wand of paralysis (6)
 G - a wand of polymorph (8)
Scrolls
 m - 2 scrolls of holy word
 q - 2 scrolls of immolation
Potions
 f - 5 potions of flight
 i - a potion of invisibility
 j - 2 potions of attraction
 k - a potion of resistance {unknown}
 l - 2 potions of lignification
 n - a potion of mutation
 o - a potion of brilliance {unknown}
 H - a potion of curing


   Skills:
 - Level 3.6 Fighting
 - Level 2.6 Axes
 + Level 11.2 Armour
 + Level 12.0 Shields
 + Level 0.1 Evocations


You had 9 spell levels left.
You didn't know any spells.
Your spell library contained the following spells:

 Spells                   Type           Power      Damage    Failure   Level
 Magic Dart               Conj           0%         1d3       94%         1
 Call Imp                 Summ           0%         N/A       98%         2
 Sublimation of Blood     Necr           0%         N/A       98%         2
 Wereblood                Tmut           0%         N/A       98%         2
 Mephitic Cloud           Conj/Pois/Air  0%         N/A       100%        3
 Cause Fear               Hex            0%         N/A       100%        4
 Dragon Form              Tmut           0%         N/A       100%        7
 Summon Hydra             Summ           0%         N/A       100%        7
 Dragon's Call            Summ           0%         N/A       100%        9


Dungeon Overview and Level Annotations

Branches:
Dungeon (9/15)             Temple (1/1) D:7          Bailey (1/1)
   Lair: D:8-11         Orc: D:9-12

Altars:
Ashenzari
Cheibriados
Dithmenos
Elyvilon
Fedhas
Gozag
Kikubaaqudgha
Nemelex Xobeh
Okawaru
Qazlal
Ru
Sif Muna
Uskayaw
Vehumet
Wu Jian
Xom
Yredelemnul
Zin

Shops:
D:8 =


Message History

Your weapon exudes an aura of protection.
The orc warrior is almost dead.
You block the orc warrior's attack.
You reach to attack!
You hit the orc warrior but do no damage.
The orc warrior is almost dead.
You block the orc warrior's attack. x2
You reach to attack!
You puncture the orc warrior!
You kill the orc warrior!
No target in view!
No target in view!
You now have 475 gold pieces (gained 8).
Things that are here:
a +0 halberd; a +0 chain mail
Found a runed dagger.
Found a glowing robe and 444 gold pieces.
There is an open door here.
You see here a +1 robe of cold resistance.
You now have enough gold to fund merchants seeking to open stores in the dungeon.
You now have 919 gold pieces (gained 444).
You start resting.
HP restored.
You see here a +0 dagger of freezing.
You see here a +1 robe of cold resistance.
There is an open door here.
The orc knight shouts!
Things that are here:
6 gold pieces; a +0 halberd; a +0 scale mail The orc knight roars a battlecry!
The orcs go into a battle-frenzy!
The orc knight hits you but does no damage.
The orc knight hits you from afar with a +0 glaive!!
The orc knight roars a battlecry!
The orc knight goes into a battle-frenzy!
The orc knight hits you from afar with a +0 glaive!!!
* * * LOW HITPOINT WARNING * * *
The orc knight hits you from afar with a +0 glaive!!!
Ouch! That really hurt!
You die...
Your body crumbles into a pile of gold.

###
#########∩#########
#.....##...##.$...##
..≈≈≈..#...#..≈≈≈..#
.≈≈$≈≈......$≈≈.≈≈.#
.≈.∩$≈)..$...≈oo.≈.+
.≈≈.≈≈.$$....≈≈o≈≈.#
..≈≈≈..#$..#..≈≈≈..#
#.....##.∩.##...@.##
$
#########∩#########
###


You could see 2 orc knights and an orc warrior (strong).

Vanquished Creatures
  A centaur zombie (D:8)
  A snapping turtle (Bailey)
  A steam dragon (D:7)
  Edmund (D:5)
  10 orc warriors (Bailey)
  3 water moccasins
  A sky beast (D:5)
  2 necrophages (D:5)
  2 ogres
  4 centaurs
  3 phantoms
  A kobold brigand (D:6)
  A gnoll sergeant (D:6)
  3 scorpions
  2 bullfrogs
  3 killer bees (D:9)
  A water moccasin skeleton (D:4)
  A howler monkey (D:8)
  A bullfrog skeleton (D:5)
  2 orc priests
  3 hounds
  A gnoll shaman (D:5)
  3 iguanas
  3 orc wizards
  11 gnolls
  A howler monkey zombie (D:8)
  7 adders
  2 worms
  2 dart slugs
  17 orcs
  6 ball pythons
  7 endoplasms
  2 giant cockroaches
  14 hobgoblins
  10 jackals
  4 quokkas
  7 bats
  2 frilled lizards
  10 goblins
  11 kobolds
  5 rats
172 creatures vanquished.

Vanquished Creatures (others)
  An orc wizard (D:8)
  A plant (D:2)
2 creatures vanquished.

Grand Total: 174 creatures vanquished

Notes
Turn   | Place    | Note
-------+----------+-------------------------------------------
     0 | D:1      | zeram the Hill Orc Fighter began the quest for the Orb.
     0 | D:1      | Reached XP level 1. HP: 19/19 MP: 1/1
    90 | D:1      | Reached XP level 2. HP: 26/26 MP: 2/2
   605 | D:1      | Reached XP level 3. HP: 27/31 MP: 3/3
   766 | D:1      | Reached skill level 4 in Shields
  1336 | D:2      | Reached XP level 4. HP: 39/39 MP: 4/4
  1996 | D:3      | Noticed a water moccasin
  2013 | D:3      | Killed a water moccasin
  2014 | D:3      | Reached skill level 5 in Armour
  2014 | D:3      | Reached skill level 5 in Shields
  2014 | D:3      | Reached XP level 5. HP: 8/45 MP: 5/5
  2462 | D:4      | Reached XP level 6. HP: 47/51 MP: 6/6
  2869 | D:4      | Reached skill level 6 in Shields
  2869 | D:4      | Reached XP level 7. HP: 45/57 MP: 7/7
  3668 | D:5      | Entered Level 5 of the Dungeon
  3682 | D:5      | Reached skill level 7 in Shields
  3855 | D:5      | Reached XP level 8. HP: 21/64 MP: 8/8
  4674 | D:5      | Reached skill level 8 in Shields
  5004 | D:5      | Noticed Edmund
  5015 | D:5      | Killed Edmund
  5602 | D:6      | Reached skill level 9 in Shields
  5605 | D:6      | Reached XP level 9. HP: 36/70 MP: 9/9
  7121 | D:7      | Found a staircase to the Ecumenical Temple.
  7144 | D:7      | Reached skill level 10 in Armour
  7160 | Temple   | Entered the Ecumenical Temple
  7564 | Temple   | Became a worshipper of Gozag Ym Sagoz the Greedy
  8089 | D:7      | Identified a scroll of acquirement
  8089 | D:7      | Acquired the ring "Kuib" {rElec rPois rN+ SInv}
  8180 | D:8      | Found Ferghonei's Jewellery Emporium.
  8275 | D:8      | Reached skill level 10 in Shields
  8722 | D:8      | Acquired the amulet "Apohus" {Reflect rF+ Will- Dex+10 SH+5
                  | Stlth-}
  9105 | D:9      | Found a flagged portal.
  9181 | Bailey   | Entered a bailey
  9181 | Bailey   | Noticed an orc knight
  9182 | Bailey   | Noticed an orc knight
  9182 | Bailey   | Noticed an orc knight
  9191 | Bailey   | Reached skill level 11 in Shields
  9191 | Bailey   | Reached XP level 10. HP: 57/77 MP: 10/10
  9768 | Bailey   | an orc knight changed into a snapping turtle
 10026 | Bailey   | Reached skill level 12 in Shields
 10106 | Bailey   | Annihilated by an orc knight

Illustrated notes

Levels and vault maps discovered:
D:1:      amcnicky_arrival_abandoned_market, layout_basic
D:2:      cheibrodos_greedy_goblins, layout_rooms, serial_forest,
          infiniplex_forest_straight_2, infiniplex_forest_zigzag_1,
          infiniplex_forest_end_1, infiniplex_forest_clump_small,
          infiniplex_forest_zigzag_1, infiniplex_forest_lined_room_2,
          infiniplex_forest_straight_2, infiniplex_forest_end_3
D:3:      layout_basic
D:4:      layout_cave_pods
D:5:      layout_basic, uniq_edmund
D:6:      layout_layer_cave, nrook_loot_triangle
D:7:      layout_basic, minmay_temple_entry_ruins
D:8:      layout_basic, serial_shops, nicolae_square_shop
D:9:      layout_roguey, david_lair_shrubbed, orc_0_dummy, enter_bailey_4,
          minmay_misc_feat_enclosed, nicolae_wwwww, uniq_joseph
Temple:   hc_temple_tempest_star
Bailey:   bailey_polearm_4, bailey

Skill      XL: |  1  2  3  4  5  6  7  8  9 10 |
---------------+-------------------------------+-----
Armour         | 4 5 6 7 9 11 | 11.2
Shields        | 4 5 6 7 9 11 12 | 12.0
Fighting       | |  3.6
Axes           | |  2.6
Evocations     | |  0.1

Action                   |  1- 3 |  4- 6 |  7- 9 | 10-12 || total
-------------------------+-------+-------+-------+-------++-------
Melee: Trident           |    96 |   125 |   484 |   109 ||   814
Evoke: Wand              |       |       |       |     3 ||     3
  Use: Potion            |       |     3 |     2 |     1 ||     6
       Scroll            |       |     6 |    10 |     1 ||    17
 Stab: Paralysed         |       |       |       |     4 ||     4
       Invisible         |       |       |       |     2 ||     2
       Distracted        |       |       |       |     1 ||     1
Armor: Scale mail        |    25 |    10 |       |       ||    35
       Plate armour      |       |    60 |   196 |       ||   256
       Storm dragon scal |       |       |   156 |    22 ||   178
Dodge: Dodged            |    16 |    25 |   143 |    15 ||   199
Block: Kite shield       |    47 |    83 |   401 |   133 ||   664
       Reflection        |       |       |    11 |    11 ||    22
